 Dungeon Crawl Stone Soup version 0.27.1-4-g1640c2035a (webtiles) character file.

Game seed: 4499066794034839881

160 oldmanjim the Conjurer (level 5, -1/29 HPs)
             Began as a Deep Elf Conjurer on Nov 12, 2021.
             Slain by an ogre (13 damage)
             ... on level 4 of the Dungeon.
             The game lasted 00:23:25 (3271 turns).

oldmanjim the Conjurer (Deep Elf Conjurer)          Turns: 3271, Time: 00:23:26

Health: -1/29      AC:  8    Str:  4    XL:     5   Next: 17%
Magic:  11/11      EV: 13    Int: 24    God:
Gold:   109        SH:  0    Dex: 13    Spells: 0/10 levels left

rFire    . . .     SeeInvis .   a - +2 dagger (venom)
rCold    . . .     Faith    .   (no shield)
rNeg     + . .     Spirit   .   e - +0 robe
rPois    .         Reflect  .   (no helmet)
rElec    .         Harm     .   (no cloak)
rCorr    .         Rampage  .   n - +0 pair of gloves
Will     .....                  x - +0 pair of boots
Stlth    +++.......             (no amulet)
HPRegen  0.09/turn              d - +4 ring of protection
MPRegen  0.12/turn              p - ring of positive energy

@: no status effects
A: no striking features
a: no special abilities


You were on level 4 of the Dungeon.
You visited 1 branch of the dungeon, and saw 4 of its levels.

You collected 109 gold pieces.

Inventory:

Hand Weapons
 a - a +2 dagger of venom (weapon)
 j - a +0 hunting sling
 t - a +1 dagger of freezing
Missiles
 c - 42 sling bullets
 g - 150 stones
 m - 45 bolts
 q - 12 arrows
 u - 4 poisoned darts (quivered)
Armour
 e - a +0 robe (worn)
 n - a +0 pair of gloves (worn)
 x - a +0 pair of boots (worn)
Magical Staves
 v - a staff of cold
Jewellery
 d - a +4 ring of protection (left hand)
 p - a ring of positive energy (right hand)
Wands
 f - a wand of iceblast (9)
Scrolls
 k - a scroll of summoning {unknown}
 l - 3 scrolls of enchant armour {unknown}
 o - 2 scrolls of enchant weapon {unknown}
Potions
 b - a potion of heal wounds {unknown}
 h - a potion of resistance
 i - a potion of might
 r - a potion of invisibility {unknown}
 s - a potion of curing {unknown}
 w - a potion of lignification {unknown}


   Skills:
 - Level 1.0 Fighting
 - Level 4.0 Dodging
 * Level 4.5 Stealth
 + Level 3.0 Spellcasting
 - Level 5.0 Conjurations
 + Level 2.0 Hexes


You couldn't memorise any spells.
You knew the following spells:

 Your Spells              Type           Power      Damage    Failure   Level
a - Magic Dart            Conj           100%       1d8       1%          1
b - Searing Ray           Conj           54%        3d5       1%          2
c - Dazzling Flash        Conj/Hex       40%        N/A       8%          3
d - Fulminant Prism       Conj/Hex       10%        3d9       26%         4

Your spell library contained the following spells:

 Spells                   Type           Power      Damage    Failure   Level
 Ensorcelled Hibernation  Hex/Ice        16%        N/A       11%         2
 Spider Form              Tmut/Pois      1%         N/A       32%         3
 Iskenderun's Mystic Bla  Conj/Tloc      15%        2d5       36%         4
 Shadow Creatures         Summ           N/A        N/A       100%        6


Dungeon Overview and Level Annotations

Branches:
Dungeon (4/15)
 Temple: D:4-7

Altars:
Ashenzari
Nemelex Xobeh


Message History

You open the door.
Found a pair of boots.
There is an open door here.
You now have 109 gold pieces (gained 3).
You see here a +0 pair of boots.
x - a +0 pair of boots You start putting on your armour.
You continue putting on your +0 pair of boots. x4
You finish putting on your +0 pair of boots.
You open the door.
An ogre comes into view. It is wielding a +0 giant spiked club.
The ogre shouts!
An iguana comes into view.
Casting: Magic Dart (safe; 1% risk of failure)
Confirm with . or Enter, or press ? or * to list all spells.
Aiming: Magic Dart (safe; 1% risk of failure)
Press: ? - help, Shift-Dir - straight line, f - iguana
Aim: an iguana (asleep, 100% to hit)
The magic dart hits the iguana but does no damage.
The iguana hisses angrily.
The ogre closely misses you.
There is an open door here.
The iguana hisses menacingly.
Throw: 5 darts (poison)
Press: ? - help, Q - select action, (/) - cycle Shift-Dir - straight line, f - ogre, p - iguana
Aim: an ogre, wielding a +0 giant spiked club (72% to hit)
You throw a poisoned dart. The poisoned dart hits the ogre.
The ogre is poisoned.
The ogre looks more healthy.
There is an open door, spattered with blood here.
Things that are here:
a +0 hand axe; a +0 dagger; an orc corpse You barely miss the ogre.
The ogre is moderately wounded.
The ogre barely misses you.
The ogre hits you with a +0 giant spiked club!!
Ouch! That really hurt!
There is a stone staircase leading up here.
The ogre hits you with a +0 giant spiked club!
You die...

.. ...... . ...... . ...... .
#. #...# ..##.####...###
..............#
..............#
.......@......#
.....##O......# ...
##l......# . +........#
#########.......##...
########.......#.............
...............#.......##....
...............#.......##....
.............).#.............


You could see an ogre and an iguana.

Vanquished Creatures
  An orc priest (D:4)
  An orc wizard (D:3)
  An adder (D:2)
  2 worms
  3 dart slugs (D:1)
  8 orcs
  7 ball pythons
  5 endoplasms
  4 giant cockroaches
  7 goblins
  3 hobgoblins
  7 jackals
  5 kobolds
  4 quokkas
  4 bats
  3 frilled lizards
  7 rats
72 creatures vanquished.

Vanquished Creatures (others)
  3 plants (D:1)
3 creatures vanquished.

Grand Total: 75 creatures vanquished

Notes
Turn   | Place    | Note
-------+----------+-------------------------------------------
     0 | D:1      | oldmanjim the Deep Elf Conjurer began the quest for the
                  | Orb.
     0 | D:1      | Reached XP level 1. HP: 10/10 MP: 6/6
   325 | D:1      | Reached XP level 2. HP: 15/15 MP: 4/8
   473 | D:1      | Found a faded altar of an unknown god.
   907 | D:1      | Reached XP level 3. HP: 19/19 MP: 4/9
   910 | D:1      | Learned a level 2 spell: Searing Ray
   914 | D:1      | Learned a level 3 spell: Dazzling Flash
  1809 | D:2      | Reached skill level 1 in Hexes
  1892 | D:2      | Reached XP level 4. HP: 24/24 MP: 6/10
  2216 | D:3      | Found a broken altar of Ashenzari.
  2232 | D:3      | Reached skill level 5 in Conjurations
  2570 | D:3      | Found a sparkling altar of Nemelex Xobeh.
  3087 | D:4      | Reached XP level 5. HP: 28/28 MP: 6/11
  3088 | D:4      | Reached skill level 1 in Fighting
  3156 | D:4      | Learned a level 4 spell: Fulminant Prism
  3217 | D:4      | Noticed an ogre
  3271 | D:4      | Slain by an ogre

Illustrated notes

Levels and vault maps discovered:
D:1:      lightli_arrival_statuegarden, layout_loops_ring,
          hellmonk_ecumenical_altar_inner_sanctum, kennysheep_small_spiral
D:2:      layout_basic, minmay_misc_feat_plants
D:3:      layout_rooms, mainiacjoe_overflow_chevrons, lemuel_doored_altar,
          serial_park_tiny_2, minmay_misc_feat_room
D:4:      layout_gridville, okawaru_altar_gauntlet_db

Skill      XL: |  1  2  3  4  5 |
---------------+----------------+-----
Dodging        | 3 4 |  4.0
Stealth        | 3 4 |  4.5
Hexes          | 1 2 |  2.0
Conjurations   | 5 |  5.0
Fighting       | 1 |  1.0
Spellcasting   | |  3.0

Action                   |  1- 3 |  4- 6 || total
-------------------------+-------+-------++-------
Melee: Dagger            |     2 |     6 ||     8
Throw: Dart              |       |     1 ||     1
 Cast: Magic Dart        |    79 |    32 ||   111
       Searing Ray       |     5 |     6 ||    11
       Dazzling Flash    |       |     1 ||     1
  Use: Scroll            |     3 |     1 ||     4
 Stab: Sleeping          |     1 |       ||     1
Armor: Robe              |     2 |     2 ||     4
Dodge: Dodged            |     8 |    18 ||    26
